 Dungeon Sprint DCSS version 0.22.0-36-g8e74550d25 (webtiles) character file.

1983 Freyura the Basher (level 9, 0/82 HPs)
             Began as a Gargoyle Fighter on Aug 25, 2018.
             Was a Follower of Okawaru.
             Slain by a yaktaur (2 damage)
             ... in the Dungeon (Sprint II: "The Violet Keep of Menkaure").
             The game lasted 00:11:22 (940 turns).

Freyura the Basher (Gargoyle Fighter)                Turns: 940, Time: 00:11:22

Health: 0/82       AC: 15    Str: 25    XL:     9   Next: 20%
Magic:  8/8        EV: 13    Int:  7    God:    Okawaru [*.....]
Gold:   130        SH: 12    Dex: 14    Spells: 8/8 levels left

rFire    . . .     SeeInvis .   a - +0 flail
rCold    . . .     Gourm    .   c - +0 shield
rNeg     + . .     Faith    .   b - +0 scale mail
rPois    ∞         Spirit   .   (helmet restricted)
rElec    +         Reflect  .   (no cloak)
rCorr    .         Harm     .   (no gloves)
MR       +....     Rnd*Rage +   (no boots) Stlth ..........NoTele +
                                (no amulet)
HPRegen  0.23/turn              d - ring "Fachan" {MR+ Dex+6 Slay+3}
MPRegen  0.11/turn              (no ring)

@: berserking (expiring), very quick
A: horns 1, berserk 1, blurry vision 2, clumsy 2, deterioration 1, dopey 1,
frail 1, low mp 1, mutation resistance 1, negative energy resistance 1,
screaming 1, electricity resistance, unbreathing, petrification resistance, rot
immunity, subdued magic 1, AC +6
a: Heroism, Renounce Religion


You were in the Dungeon.
You worshipped Okawaru.
Okawaru was aware of your devotion.
You were not hungry.

You visited 1 branch You collected 972 gold pieces.
You spent 842 gold pieces at shops.

Inventory:

Hand Weapons
 a - a +0 flail (weapon)
Armour
 b - a +0 scale mail (worn)
 c - a +0 shield (worn)
Jewellery
 d - the ring "Fachan" (left hand) {MR+ Dex+6 Slay+3}
   (You bought it in a shop in the Dungeon)

   [ring of slaying]

   It affects your dexterity (+6).
   It affects your accuracy and damage with ranged weapons and melee attacks
   (+3).
   It affects your resistance to hostile enchantments.
Scrolls
 k - a scroll of blinking
Potions
 e - a potion of curing
 h - a potion of haste
 i - 2 potions of magic
Comestibles
 f - a ration


   Skills:
 + Level 9.8 Fighting
 * Level 12.0 Maces & Flails
 + Level 9.8 Armour
 + Level 6.9 Dodging
 - Level 9.0 Shields


You had 8 spell levels left.
You didn't know any spells.
Your spell library was empty.

Dungeon Overview and Level Annotations

Branches:
Dungeon (1/1)

Altars:
Cheibriados
Dithmenos
Elyvilon
Fedhas
Gozag
Hepliaklqana
Kikubaaqudgha
Makhleb
Nemelex Xobeh
Okawaru
Qazlal
Ru
Sif Muna
Trog
Uskayaw
Vehumet
Wu Jian
Xom
Yredelemnul
Zin
The Shining One
Beogh
Jiyva
Lugonu

Shops:
D :!?==[!!%}(?=[[:

Annotations:
D exclusion: oklob plant


Innate Abilities, Weirdness & Mutations

You are resistant to torment.
Your stone body is resilient. (AC +6)
You are immune to poison.
You resist negative energy. (rN+)
You are resistant to electric shocks. (rElec)
You can survive without breathing.
You are immune to petrification.
You are immune to rotting.
You have a pair of small horns on your head.
You tend to lose your temper in combat.
Scrolls take you longer to read.
You are very clumsy. (Dex -4)
Your body sometimes deteriorates upon taking damage.
You are dopey. (Int -2)
You are frail. (-10% HP)
Your magical capacity is low. (-10% MP)
You are somewhat resistant to further mutation.
You occasionally shout uncontrollably at your foes.
Your spells are a little easier to cast, but a little less powerful.


Message History

The polar bear is severely wounded.
You block the polar bear's attack. The polar bear claws you.
* * * LOW HITPOINT WARNING * * *
The polar bear claws you but does no damage.
You closely miss the polar bear. Your headbutt misses the polar bear.
The polar bear is severely wounded.
The yaktaur shoots a bolt.
The bolt hits you.
* * * LOW HITPOINT WARNING * * *
You hit the polar bear. Your headbutt misses the polar bear.
The polar bear is almost dead.
The polar bear closely misses you. You block the polar bear's attack.
The polar bear claws you but does no damage.
You bludgeon the polar bear!!
You kill the polar bear!
Okawaru accepts your kill.
You can now gain great but temporary skills.
Your Maces & Flails skill increases to level 12!
The yaktaur unwields an uncursed arbalest.
The yaktaur hits you.
You die...

#..## #..# .#▓(!(!)![)▓▓
##..# +..# .#▓??$?=(=$▓▓
.#..# #..# c#▓()!$$$??▓
.+..####..##.#▓$%[$!![$
.#....###^..##▓▓▓▓▓▓▓+▓▓
##......≈≈≈≈≈≈≈≈≈≈≈≈≈..
#§≈§§...≈#'########+###
≈≈≈§≈≈..≈#....._._#t§§#
≈§≈≈≈≈≈.≈#...._.@†#t§§≈#
≈≈≈≈§≈≈≈≈#..._._.c#t§§≈§#
≈§§≈§§≈≈≈#.._._._.#§§§≈§§
≈≈§≈≈≈≈§≈#._._._._#§§§§≈≈
#§§§###≈≈#_._._._.#§§§§§§
#≈≈#._._._..#§§§§ ≈ ≈
#≈≈#.._._._.#§§≈§▓ ##
##########§§


You could see a yaktaur and 3 crocodiles.

Vanquished Creatures
  A merfolk siren (D)
  3 polar bears (D)
  A hornet (D)
  4 neqoxecs (D)
  4 necrophages (D)
  A crocodile (D)
  3 worms (D)
17 creatures vanquished.

Vanquished Creatures (others)
  Menkaure (D)
  A crocodile (D)
2 creatures vanquished.

Grand Total: 19 creatures vanquished

Notes
Turn   | Place    | Note
-------+----------+-------------------------------------------
     0 | D        | Freyura the Gargoyle Fighter began the quest for the Orb.
     0 | D        | Reached XP level 1. HP: 14/14 MP: 1/1
     1 | D        | Noticed a necrophage
     1 | D        | Noticed a necrophage
     1 | D        | Noticed a necrophage
     1 | D        | Noticed a necrophage
    10 | D        | Killed a necrophage
    10 | D        | Reached skill level 5 in Maces & Flails
    10 | D        | Reached XP level 2. HP: 13/20 MP: 2/2
    10 | D        | Reached XP level 3. HP: 16/25 MP: 3/3
    10 | D        | Reached XP level 4. HP: 20/30 MP: 4/4
    12 | D        | Killed Menkaure
    16 | D        | Killed a necrophage
    16 | D        | Reached skill level 5 in Fighting
    16 | D        | Reached skill level 6 in Maces & Flails
    16 | D        | Reached skill level 5 in Armour
    16 | D        | Reached skill level 5 in Shields
    16 | D        | Reached XP level 5. HP: 22/36 MP: 5/5
    26 | D        | Killed a necrophage
    26 | D        | Reached skill level 7 in Maces & Flails
    26 | D        | Reached XP level 6. HP: 18/42 MP: 6/6
    31 | D        | Killed a necrophage
    31 | D        | Reached skill level 8 in Maces & Flails
   226 | D        | Noticed a neqoxec
   227 | D        | Gained mutation: Your body sometimes deteriorates upon taking damage. [a neqoxec]
   229 | D        | Gained mutation: Your magical capacity is low. (-10% MP) [a neqoxec]
   230 | D        | Gained mutation: Your spells are a little easier to cast, but a little less powerful. [a neqoxec]
   232 | D        | Gained mutation: You have a pair of small horns on your head. [a neqoxec]
   238 | D        | Gained mutation: You are frail. (-10% HP) [a neqoxec]
   255 | D        | Killed a neqoxec
   255 | D        | Reached XP level 7. HP: 34/43 MP: 6/6
   257 | D        | Noticed a neqoxec
   262 | D        | Noticed a neqoxec
   266 | D        | Gained mutation: Scrolls take you a little longer to read. [a neqoxec]
   268 | D        | Gained mutation: Scrolls take you longer to read. [a neqoxec]
   269 | D        | Gained mutation: You tend to lose your temper in combat. [a neqoxec]
   273 | D        | Killed a neqoxec
   273 | D        | Reached skill level 9 in Maces & Flails
   273 | D        | Reached skill level 5 in Dodging
   273 | D        | Gained mutation: You are clumsy. (Dex -2) [a neqoxec]
   276 | D        | Gained mutation: You are very clumsy. (Dex -4) [a neqoxec]
   284 | D        | Killed a neqoxec
   286 | D        | Noticed a neqoxec
   290 | D        | Gained mutation: You are somewhat resistant to further mutation. [a neqoxec]
   292 | D        | Gained mutation: You occasionally shout uncontrollably at your foes. [a neqoxec]
   293 | D        | Gained mutation: You are dopey. (Int -2) [a neqoxec]
   299 | D        | Killed a neqoxec
   299 | D        | Reached skill level 10 in Maces & Flails
   574 | D        | Noticed a merfolk siren
   583 | D        | Killed a merfolk siren
   583 | D        | Reached XP level 8. HP: 49/49 MP: 7/7
   603 | D        | Found Baschaikh's Distillery.
   603 | D        | Found Baggetuu's Magic Scroll Shoppe.
   603 | D        | Found Taluth's Antique Armour Shoppe.
   603 | D        | Found Naahin's Distillery.
   603 | D        | Found Jicrewki's Book Shoppe.
   603 | D        | Found Baun's Antique Weapon Emporium.
   604 | D        | Found Tyukhlor's Antique Armour Emporium.
   604 | D        | Found Feishrim's Gadget Shoppe.
   604 | D        | Found Vitri's Food Emporium.
   604 | D        | Found Vivogg's Jewellery Shoppe.
   604 | D        | Found Oxyoral's Jewellery Emporium.
   605 | D        | Found Rich's Magic Scroll Shoppe.
   605 | D        | Found Iweunog's Distillery.
   605 | D        | Noticed a yak
   606 | D        | Found Vadoej's Jewellery Shoppe.
   606 | D        | Found Demminu's Armour Emporium.
   606 | D        | Noticed a yak
   607 | D        | Noticed a yak
   607 | D        | Noticed an oklob plant
   607 | D        | Noticed a great orb of eyes
   608 | D        | Found Sunyla's Book Shoppe.
   839 | D        | Noticed a shining eye
   841 | D        | Bought the ring "Fachan" {MR+ Dex+6 Slay+3} for 842 gold pieces
   843 | D        | Noticed a shining eye
   873 | D        | Noticed an ice statue
   898 | D        | Found a snail-covered altar of Cheibriados.
   899 | D        | Found a shadowy altar of Dithmenos.
   900 | D        | Found a roughly hewn altar of Beogh.
   900 | D        | Found a viscous altar of Jiyva.
   901 | D        | Found a white marble altar of Elyvilon.
   901 | D        | Found an ancient bone altar of Kikubaaqudgha.
   902 | D        | Found a blossoming altar of Fedhas.
   902 | D        | Found a corrupted altar of Lugonu.
   902 | D        | Found a deep blue altar of Sif Muna.
   903 | D        | Found an opulent altar of Gozag.
   903 | D        | Found a burning altar of Makhleb.
   903 | D        | Found a bloodstained altar of Trog.
   904 | D        | Found a sparkling altar of Nemelex Xobeh.
   904 | D        | Found a hide-covered altar of Uskayaw.
   905 | D        | Found an iron altar of Okawaru.
   905 | D        | Found a radiant altar of Vehumet.
   905 | D        | Found a glowing silver altar of Zin.
   905 | D        | Found a basalt altar of Yredelemnul.
   905 | D        | Noticed a polar bear
   905 | D        | Noticed a polar bear
   905 | D        | Noticed a polar bear
   907 | D        | Found a hazy altar of Hepliaklqana.
   907 | D        | Found a sacrificial altar of Ru.
   907 | D        | Found a shimmering altar of Xom.
   907 | D        | Noticed a yaktaur
   908 | D        | Found a stormy altar of Qazlal.
   908 | D        | Found an ornate altar of the Wu Jian Council.
   908 | D        | Found a glowing golden altar of the Shining One.
   911 | D        | Noticed a hornet
   916 | D        | Became a worshipper of Warmaster Okawaru
   922 | D        | Killed a polar bear
   922 | D        | Reached skill level 11 in Maces & Flails
   927 | D        | Killed a hornet
   931 | D        | Killed a polar bear
   931 | D        | Reached XP level 9. HP: 28/54 MP: 8/8
   937 | D        | HP: 2/81 [yaktaur/bolt (5)]
   939 | D        | Killed a polar bear
   939 | D        | Reached * piety under Okawaru
   939 | D        | Reached skill level 12 in Maces & Flails
   940 | D        | Slain by a yaktaur

Skill      XL: |  1  2  3  4  5  6  7  8  9 |
---------------+----------------------------+-----
Fighting       | 4 5 6 7 8 9 |  9.8
Maces & Flails | 5 6 7 8 10 11 12 | 12.0
Armour         | 4 5 6 7 8 9 |  9.8
Dodging        | 2 3 4 6 |  6.9
Shields        | 4 5 6 7 8 9 |  9.0

Action                   |  1- 3 |  4- 6 |  7- 9 || total
-------------------------+-------+-------+-------++-------
Melee: Flail             |     8 |    48 |    77 ||   133
       Headbutt          |       |     2 |    13 ||    15
  Use: Potion            |       |       |     3 ||     3
Armor: Scale mail        |       |     8 |    32 ||    40
Dodge: Dodged            |     2 |    13 |    38 ||    53
Block: Shield            |     4 |    11 |    36 ||    51
